 Dungeon Crawl Stone Soup version 0.25.1-2-g60ff931df9 (webtiles) character file.

Game seed: 2494762064499578259

600 DogServant the Skirmisher (level 7, -1/57 HPs)
             Began as a Demonspawn Gladiator on Oct 22, 2020.
             Was an Initiate of Kikubaaqudgha.
             Slain by a black bear (3 damage)
             ... on level 6 of the Dungeon.
             The game lasted 00:07:48 (5153 turns).

DogServant the Skirmisher (Demonspawn Gladiator)    Turns: 5153, Time: 00:07:49

Health: -1/57      AC:  5    Str: 16    XL:     7   Next: 18%
Magic:  7/7        EV: 15    Int:  9    God:    Kikubaaqudgha [......]
Gold:   221        SH:  0    Dex: 15    Spells: 6/6 levels left

rFire    . . .     SeeInvis +   a - +0 trident
rCold    . . .     Gourm    .   (no shield)
rNeg     . . .     Faith    .   b - +1 leather armour
rPois    .         Spirit   .   c - +0 helmet
rElec    .         Reflect  .   i - scarf {repulsion}
rCorr    .         Harm     .   (no gloves)
MR       .....                  (no boots)
Stlth    +.........             (no amulet)
HPRegen  0.19/turn              j - ring of flight
MPRegen  0.10/turn              t - ring of see invisible

@: mighty, brilliant, lethally poisoned (-1 -> -7), flying, very slightly
contaminated, repel missiles
A: claws 1, repulsion field 1, rot immunity
a: Renounce Religion


You were on level 6 of the Dungeon.
You worshipped Kikubaaqudgha.
Kikubaaqudgha was noncommittal.
You were hungry.

You visited 2 branches of the dungeon, and saw 7 of its levels.

You collected 221 gold pieces.

Inventory:

Hand Weapons
 a - a +0 trident (weapon)
 g - a +2 short sword of venom
Missiles
 d - 2 throwing nets
 e - 44 poisoned darts (quivered)
Armour
 b - a +1 leather armour (worn)
 c - a +0 helmet (worn)
 i - a scarf of repulsion (worn)
Magical Staves
 u - an uncursed staff of cold
Jewellery
 j - a ring of flight (left claw)
 l - an uncursed ring of fire
 s - an uncursed ring of ice {unknown}
 t - a ring of see invisible (right claw)
Scrolls
 o - 2 scrolls of remove curse
Potions
 m - 2 potions of flight
Comestibles
 f - 4 rations


   Skills:
 + Level 5.7 Fighting
 + Level 5.7 Polearms
 - Level 1.7 Throwing
 - Level 2.6 Dodging


You had 6 spell levels left.
You didn't know any spells.
Your spell library was empty.

Dungeon Overview and Level Annotations

Branches:
Dungeon (6/15)             Temple (1/1) D:5

Altars:
Ashenzari
Dithmenos
Fedhas
Gozag
Hepliaklqana
Kikubaaqudgha
Makhleb
Okawaru
Ru
Sif Muna
Trog
Uskayaw
Vehumet
Wu Jian
Yredelemnul
Zin
The Shining One

Annotations:
D:4 Pikel


Innate Abilities, Weirdness & Mutations

You have sharp fingernails.
You are surrounded by a mild repulsion field. (EV +2)
You are immune to rotting.


Message History

* * * LOW HITPOINT WARNING * * *
You feel sick. The black bear barely misses you.
The black bear claws you but does no damage.
The black bear closely misses you.
The hound zombie bites you but does no damage.
Unknown command.
As you read the scroll labeled OGRACW VORRI, it crumbles to dust.
It is a scroll of identify.
v - a potion of might
* * * LOW HITPOINT WARNING * * *
You feel sick. The hound zombie closely misses you.
The black bear misses you. x2
The black bear closely misses you.
Okay, then.
You feel very mighty all of a sudden.
* * * LOW HITPOINT WARNING * * *
You feel sick. The hound zombie barely misses you. The black bear bites you.
* * * LOW HITPOINT WARNING * * *
The black bear claws you.
You die...
Kikubaaqudgha rasps: "You have failed me!
Welcome... death!"

#ยง# #.#
##.# #.h.
#..# #..#
#.a#
######...
#..#
#.Z......
#..#####@#
#......h.#
#.########
... #.###
#


You could see a black bear and a hound zombie.

Vanquished Creatures
  An ogre (D:4)
  A wyvern zombie (D:5)
  A crimson imp (D:5)
  A hound (D:3)
  2 jellies
  An orc priest (D:3)
  Jessica (D:3)
  An orc wizard (D:3)
  3 worker ants
  A gnoll (D:6)
  6 adders
  7 worms
  2 adder skeletons (D:4)
  2 dart slugs (D:1)
  A leopard gecko (D:3)
  8 orcs
  A ball python (D:2)
  4 giant cockroaches
  7 goblins
  6 hobgoblins
  6 jackals
  3 quokkas
  10 bats
  3 frilled lizards
  7 kobolds
  10 rats
96 creatures vanquished.

Notes
Turn   | Place    | Note
-------+----------+-------------------------------------------
     0 | D:1      | DogServant the Demonspawn Gladiator began the quest for the
                  | Orb.
     0 | D:1      | Reached XP level 1. HP: 16/16 MP: 1/1
   307 | D:1      | Gained mutation: You have sharp fingernails. [demonic
                  | ancestry]
   307 | D:1      | Reached XP level 2. HP: 22/23 MP: 2/2
  1050 | D:2      | Gained mutation: You are surrounded by a mild repulsion
                  | field. (EV +2) [demonic ancestry]
  1050 | D:2      | Reached XP level 3. HP: 21/29 MP: 3/3
  1332 | D:2      | Reached XP level 4. HP: 21/35 MP: 4/4
  2198 | D:3      | Found a blossoming altar of Fedhas.
  2230 | D:3      | Found a hazy altar of Hepliaklqana.
  2231 | D:3      | Noticed Jessica
  2234 | D:3      | Killed Jessica
  2234 | D:3      | Reached XP level 5. HP: 42/42 MP: 5/5
  3625 | D:3      | Reached XP level 6. HP: 36/49 MP: 6/6
  3878 | D:4      | Found a sacrificial altar of Ru.
  3908 | D:4      | Noticed a slave
  3909 | D:4      | Noticed a slave
  3916 | D:4      | Noticed a slave
  3916 | D:4      | Noticed Pikel
  4068 | D:4      | Found a shimmering blue altar of Sif Muna.
  4106 | D:3      | Reached skill level 5 in Fighting
  4106 | D:3      | Reached skill level 5 in Polearms
  4371 | D:4      | Noticed a slave
  4467 | D:4      | Found an iron altar of Okawaru.
  4521 | D:4      | Found a bloodstained altar of Trog.
  4784 | D:5      | Entered Level 5 of the Dungeon
  4809 | D:5      | Gained mutation: You are immune to rotting. [demonic
                  | ancestry]
  4809 | D:5      | Reached XP level 7. HP: 25/56 MP: 7/7
  4991 | D:5      | Found a staircase to the Ecumenical Temple.
  5002 | Temple   | Entered the Ecumenical Temple
  5088 | Temple   | Became a worshipper of Kikubaaqudgha
  5153 | D:6      | HP: 2/57 [black bear (1)]
  5153 | D:6      | Slain by a black bear

Illustrated notes

Levels and vault maps discovered:
D:1:      evilmike_arrival_plus, layout_loops_cross
D:2:      layout_basic
D:3:      layout_loops_ring, lemuel_round_altar, minivault_11,
          nrook_mini_vaults, fedhas_altar_2, uniq_jessica
D:4:      layout_rooms, kennysheep_mini, kennysheep_little_box,
          nicolae_ru_awakened_eye, okawaru_ov_weapons_minmay,
          trog_hazing_becter, uniq_pikel
D:5:      layout_layer_cave, minmay_temple_entry_ruins, first_ration
D:6:      layout_loops_ring, lemuel_coloured_pillars_altar, lemuel_round_altar,
          minmay_misc_feat_pillars, uniq_eustachio
Temple:   nicolae_temple_hex_pool

Skill      XL: |  1  2  3  4  5  6 |
---------------+-------------------+-----
Polearms       | 3 4 5 |  5.7
Fighting       | 3 4 5 |  5.7
Throwing       | |  1.7
Dodging        | |  2.6

Action                   |  1- 3 |  4- 6 |  7- 9 || total
-------------------------+-------+-------+-------++-------
Melee: Trident           |   133 |   243 |    16 ||   392
Throw: Throwing net      |     1 |     1 |       ||     2
       Dart              |       |     7 |       ||     7
  Use: Scroll            |       |     2 |     4 ||     6
       Potion            |       |       |     8 ||     8
 Stab: Sleeping          |     2 |     4 |       ||     6
       Held in net/web   |     1 |     1 |       ||     2
  Eat: Chunk             |     1 |    12 |       ||    13
Armor: Leather armour    |    27 |    33 |    12 ||    72
Dodge: Dodged            |    74 |   184 |    45 ||   303
       Repelled          |       |     8 |       ||     8
